 Dungeon Crawl Stone Soup version 0.31-a0-636-ge1c0e020e0 (webtiles) character file.

Game seed: 1957554727395210424

914 Conn the Firebug (level 8, -1/47 HPs)
             Began as an Octopode Fire Elementalist on Aug 26, 2023.
             Splashed by a jelly's acid (9 damage)
             ... on level 5 of the Dungeon.
             The game lasted 00:09:06 (4487 turns).

Conn the Firebug (Octopode Fire Elementalist)       Turns: 4487, Time: 00:09:06

Health: -1/47      AC:  1    Str:  8    XL:     8   Next: 9%
Magic:  5/25       EV: 13    Int: 19    God:
Gold:   265        SH:  0    Dex: 12    Spells: 6/17 levels left

rFire   . . .        s - staff of conjuration
rCold   + . .        (no shield)
rNeg    . . .        (helmet restricted)
rPois   .            (no amulet)
rElec   .            f - +4 ring of slaying
rCorr   .            g - ring of magical power
SInv    .            t - ring of protection from cold
Will    .....        (no ring)
Stlth   +++          (no ring)
HPRegen 0.27/turn    (no ring)
MPRegen 0.19/turn    (no ring)
                     (no ring)

%: no passive effects
@: no status effects
A: almost no armour, amphibious, 8 rings, camouflage 1, gelatinous body 1,
(nimble swimmer 1), tentacles
a: no special abilities


You were on level 5 of the Dungeon.
You visited 1 branch of the dungeon, and saw 5 of its levels.

You collected 265 gold pieces.

Inventory:

Hand Weapons
 o - a +2 short sword of speed
Magical Staves
 s - a staff of conjuration (weapon)
Jewellery
 f - a +4 ring of slaying (left tentacle)
 g - a ring of magical power (right tentacle)
 t - a ring of protection from cold (on tentacle)
Wands
 i - a wand of paralysis (3)
 p - a wand of polymorph (23)
Scrolls
 c - 2 scrolls of fear
 d - 5 scrolls of teleportation
 l - a scroll of blinking
 n - a scroll of enchant armour
 r - a scroll of revelation
Potions
 a - a potion of magic
 b - a potion of mutation {unknown}
 e - a potion of might
 h - 2 potions of berserk rage {unknown}
 j - a potion of degeneration {unknown}
 k - a potion of invisibility {unknown}
 m - 2 potions of enlightenment {unknown}
 q - a potion of ambrosia {unknown}
 u - a potion of haste {unknown}


   Skills:
 + Level 0.4 Fighting
 + Level 0.1 Short Blades
 + Level 2.5 Dodging
 + Level 4.1 Stealth
 + Level 1.0 Unarmed Combat
 + Level 5.3 Spellcasting
 + Level 2.6 Conjurations
 + Level 6.4 Fire Magic


You had 6 spell levels left.
You knew the following spells:

 Your Spells              Type           Power      Damage    Failure   Level
a - Foxfire               Conj/Fire      100%       2x1d9     1%          1
b - Scorch                Fire           58%        2d7       1%          2
c - Inner Flame           Hex/Fire       17%        N/A       10%         3
d - Flame Wave            Conj/Fire      33%        2d10      19%         4
e - Summon Small Mammal   Summ           20%        N/A       12%         1

Your spell library contained the following spells:

 Spells                   Type           Power      Damage    Failure   Level
 Kiss of Death            Conj/Necr      60%        2d10      7%          1
 Volatile Blastmotes      Fire/Tloc      34%        2d12      10%         3
 Call Canine Familiar     Summ           5%         N/A       34%         3
 Confusing Touch          Hex            5%         N/A       34%         3
 Portal Projectile        Hex/Tloc       10%        N/A       34%         3
 Summon Guardian Golem    Hex/Summ       5%         N/A       34%         3
 Dispel Undead            Necr           5%         3d7       75%         4
 Leda's Liquefaction      Hex/Erth       2%         N/A       75%         4


Dungeon Overview and Level Annotations

Branches:
Dungeon (5/15)
 Temple: D:4-7

Altars:
Okawaru

Shops:
D:4 *


Innate Abilities, Weirdness & Mutations

You cannot wear most types of armour.
You are amphibious.
You can wear up to eight rings at the same time.
Your skin changes colour to match your surroundings (Stealth+).
Your rubbery body absorbs attacks. (AC +1, EV +1)
((You are camouflaged when in or above water. (Stealth+)))
You have tentacles for arms and can constrict up to eight enemies at once.


Message History

You feel sick.
You feel sick.
Things that are here:
a +0 club; an adder corpse An iguana comes into view.
Found a stone staircase leading down.
You feel sick.
Found a stone staircase leading up.
You feel sick.
You are no longer poisoned.
A jelly comes into view.
You see here a scroll labelled GIOQEET GOOWN.
Casting: Flame Wave (quite dangerous; 19% risk of failure)
Confirm with . or Enter, or press ? or * to list all spells.
You feel a surge of power!
You conjure some foxfire!
Unknown command.
Casting: Foxfire (safe; 1% risk of failure)
Confirm with . or Enter, or press ? or * to list all spells.
You feel a surge of power!
You conjure some foxfire!
The foxfire hits the jelly.
The jelly is moderately wounded.
The foxfire hits the iguana.
The iguana is moderately wounded.
Casting: Foxfire (safe; 1% risk of failure)
Confirm with . or Enter, or press ? or * to list all spells.
Flames lash the iguana.
The iguana is heavily wounded.
The iguana's fire resistance burns away.
The foxfire hits the jelly!
The jelly is severely wounded.
The foxfire hits the jelly.
The jelly is almost dead.
The jelly hits you.
You are splashed with acid!
* * * LOW HITPOINT WARNING * * *
Casting: Scorch (safe; 1% risk of failure)
Confirm with . or Enter, or press ? or * to list all spells.
Flames lash the iguana.
The iguana is heavily wounded.
The iguana closely misses you. The jelly hits you.
* * * LOW HITPOINT WARNING * * *
You are splashed with acid!
You die...

###.# ........# #.#
#. .# .....>#.# #.#
###. .. ........#
#.####... #.#
#.....######.##...##
..
#.)...##........###
#............####
#....)...#####
<#..###...#..#
......l@J.#.##
#...#.#.#...# ##
.....#...#
.......#...#
###.##..#.....
...####### >..## .#.


You could see an iguana (combustible) and a jelly.

Vanquished Creatures
  A black bear (D:4)
  2 phantoms
  5 wights (D:5)
  3 hounds
  An iguana (D:5)
  Natasha (thrice) (D:2)
  Robin (D:4)
  8 adders
  An ufetubus (D:5)
  4 worms (D:3)
  4 dart slugs
  7 orcs (D:4)
  8 ball pythons
  9 endoplasms
  2 giant cockroaches
  23 goblins
  9 hobgoblins
  4 jackals (D:1)
  4 quokkas
  10 bats
  2 frilled lizards
  A goblin zombie (D:4)
  3 kobolds (D:2)
  8 rats
123 creatures vanquished.

Vanquished Creatures (collateral kills)
  A foxfire (D:4)
1 creature vanquished.

Vanquished Creatures (others)
  298 foxfires
298 creatures vanquished.

Grand Total: 422 creatures vanquished

Notes
Turn   | Place    | Note
-------+----------+-------------------------------------------
     0 | D:1      | Conn the Octopode Fire Elementalist began the quest for the
                  | Orb.
     0 | D:1      | Reached XP level 1. HP: 11/11 MP: 3/3
   204 | D:1      | Reached XP level 2. HP: 4/17 MP: 0/5
   584 | D:1      | Reached XP level 3. HP: 21/21 MP: 1/6
   953 | D:1      | Learned a level 2 spell: Scorch
   957 | D:1      | Learned a level 3 spell: Inner Flame
  1199 | D:2      | Noticed a phantom
  1210 | D:2      | Killed a phantom
  1211 | D:2      | Reached XP level 4. HP: 24/27 MP: 8/8
  1211 | D:2      | Reached XP level 5. HP: 28/31 MP: 9/9
  1419 | D:2      | Noticed Natasha
  1429 | D:2      | Killed Natasha
  1430 | D:2      | Reached skill level 4 in Fire Magic
  1583 | D:2      | Noticed Natasha
  1588 | D:2      | Killed Natasha
  1589 | D:2      | Reached skill level 1 in Unarmed Combat
  1871 | D:2      | Noticed Natasha
  1897 | D:2      | Killed Natasha
  1898 | D:2      | Reached XP level 6. HP: 22/36 MP: 0/11
  2503 | D:3      | Learned a level 4 spell: Flame Wave
  2505 | D:3      | Learned a level 1 spell: Summon Small Mammal
  3115 | D:4      | Noticed a black bear
  3122 | D:4      | Killed a black bear
  3195 | D:4      | Noticed Robin
  3205 | D:4      | Killed Robin
  3313 | D:4      | Reached XP level 7. HP: 41/41 MP: 13/13
  3397 | D:4      | Reached skill level 5 in Fire Magic
  3406 | D:4      | Found an iron altar of Okawaru.
  3515 | D:4      | Found Ziexal's Lightly-Used Armoury.
  4128 | D:5      | Entered Level 5 of the Dungeon
  4263 | D:5      | Reached skill level 6 in Fire Magic
  4384 | D:5      | Reached skill level 5 in Spellcasting
  4479 | D:5      | Reached XP level 8. HP: 27/47 MP: 11/16
  4487 | D:5      | Splashed by a jelly's acid

Illustrated notes

Levels and vault maps discovered:
D:1:      nzn_arrival_depleted_hourglass, layout_rooms
D:2:      layout_loops_ring, hangedman_decor_push, uniq_natasha
D:3:      layout_loops_cross
D:4:      layout_loops_ring, okawaru_trees_2, enter_ossuary_3,
          minmay_shop_damaged, minmay_misc_feat_plants, uniq_robin
D:5:      layout_basic, item_on_display_a

Skill      XL: |  1  2  3  4  5  6  7 |
---------------+----------------------+-----
Stealth        | 3 4 |  4.1
Spellcasting   | 3 4 5 |  5.3
Fire Magic     | 4 6 |  6.4
Unarmed Combat | 1 |  1.0
Conjurations   | 2 |  2.6
Fighting       | |  0.4
Short Blades   | |  0.1
Dodging        | |  2.5

Action                     |  1- 3 |  4- 6 |  7- 9 || total
---------------------------+-------+-------+-------++-------
  Melee: Unarmed           |    22 |     7 |       ||    29
         Tentacles         |     4 |     2 |     2 ||     8
         Constrict         |     3 |     5 |     2 ||    10
         Punch             |     1 |       |       ||     1
         Short sword       |       |    12 |       ||    12
         Staff             |       |     2 |     3 ||     5
   Cast: Foxfire           |    64 |    77 |    36 ||   177
         Scorch            |     2 |    34 |    17 ||    53
         Inner Flame       |       |     1 |       ||     1
         Flame Wave        |       |       |     2 ||     2
    Use: Scroll            |     2 |       |     5 ||     7
   Stab: Sleeping          |     1 |     1 |     1 ||     3
 Armour: Skin              |     7 |     1 |       ||     8
  Dodge: Dodged            |    32 |    26 |     5 ||    63

Table legend: (Time is in decaauts)
 A = Elapsed time spent in this place.
 B = Non-inter-level travel time spent in this place.
 C = Inter-level travel time spent in this place.
 D = Time resting spent in this place.
 E = Time spent auto-exploring this place.
 F = Levels seen in this place.
 G = Mean time per level.
                   A        B        C        D        E       F      G
               +--------+--------+--------+--------+--------+-----+--------+
         Total |   4487 |   4442 |     45 |      0 |   3186 |   5 |  897.4 |
       Dungeon |   4487 |   4442 |     45 |      0 |   3186 |   5 |  897.4 |
               +--------+--------+--------+--------+--------+-----+--------+

Top non-repeatable levels by time:
     D:2: 1306 daAuts
     D:4: 1068 daAuts
     D:1: 959 daAuts
     D:3: 794 daAuts
     D:5: 359 daAuts
